 Dungeon Crawl Stone Soup version 0.20.0-7-g3b7b877 (webtiles) character file.

252 vatarom the Slasher (level 5, -10/38 HPs)
             Began as a Demonspawn Gladiator on May 29, 2017.
             Killed by nerve-wracking pain
             ... invoked by an orc priest
              (12 damage)
             ... on level 3 of the Dungeon.
             The game lasted 00:10:48 (3147 turns).

vatarom the Slasher (Demonspawn Gladiator)          Turns: 3147, Time: 00:10:49

Health: -10/38     AC:  8    Str: 16    XL:     5   Next: 89%
Magic:  5/5        EV: 12    Int:  9    God:
Gold:   134        SH:  0    Dex: 14    Spells: 4/4 levels left

rFire    . . .     SeeInvis .   a - +0 long sword
rCold    . . .     Gourm    .   (no shield)
rNeg     . . .     Faith    .   e - +0 scale mail
rPois    .         Spirit   .   c - +0 helmet
rElec    .         Reflect  .   (no cloak)
rCorr    .         Harm     .   (no gloves)
MR       .....                  (no boots)
Stlth    ..........             (no amulet)
Regen    0.2/turn               d - ring of wizardry
MPRegen  0.1/turn               (no ring)

@: no status effects
A: repulsion field 1
a: no special abilities


You were on level 3 of the Dungeon.
You were not hungry.

You visited 1 branch of the dungeon, and saw 4 of its levels.

You collected 134 gold pieces.

Inventory:

Hand Weapons
 a - a +0 long sword (weapon)
Armour
 c - a +0 helmet (worn)
 e - a +0 scale mail (worn)
Jewellery
 d - a ring of wizardry (left hand)
Scrolls
 i - 2 scrolls of fog
 l - a scroll of remove curse
Books
 b - a book of Necromancy

   Spells                             Type                      Level
   a - Pain                           Necromancy                   1
   b - Animate Skeleton               Necromancy                   1
   c - Vampiric Draining              Necromancy                   3
   d - Regeneration                   Charms/Necromancy            3
   e - Animate Dead                   Necromancy                   4
   f - Control Undead                 Necromancy                   4
Comestibles
 f - 2 bread rations
 h - 7 fruits
 j - 2 meat rations


   Skills:
 - Level 2.0 Fighting
 + Level 4.1 Long Blades
 - Level 1.7 Throwing
 * Level 4.1 Armour
 - Level 2.6 Dodging


You had 4 spell levels left.
You didn't know any spells.

Dungeon Overview and Level Annotations

Branches:
Dungeon (4/15)
 Temple: D:4-7

Altars:
Hepliaklqana
Ru

Annotations:
D:4 smedtjen's ghost, amateur DsAK


Innate Abilities, Weirdness & Mutations

You are surrounded by a mild repulsion field. (EV +2)


Message History

You hit the orc priest but do no damage.
The orc priest is moderately wounded.
The orc priest completely misses you.
Okay, then.
You aren't carrying any potions.
You aren't carrying any items that you can evoke.
Throwing (i - inventory):
g - a throwing net (quivered)
Press: ? - help, Shift-Dir - straight line, f - orc priest
Aim: an orc priest, wielding a mace and wearing a leather armour (moderately wounded)
You throw a throwing net.
The throwing net barely misses the orc priest.
The orc priest completely misses you.
You slash the orc priest!
The orc priest is severely wounded.
The orc priest closely misses you.
You closely miss the orc priest.
The orc priest is severely wounded.
The orc priest invokes the aid of Beogh against you.
Pain shoots through your body!
You die...

... #. #......##...
..# #'###...#..##.##
#... #.....#.....).##
#... #.....#...[#####
#...#####...#.......##
#....(#_....#.......##
#[...†#.....#....##.##
###o#'###...##.##.##
#..@#...#.÷........>
#.......#...#####.##
###...####[.#####...
#.......#....)....#.
#.......#...#######.
###########.# #) #.#
#. #.# #. #.# #.


You could see an orc priest.

Vanquished Creatures
  An ogre (D:3)
  An orc priest (D:3)
  An orc wizard (D:3)
  A gnoll (D:3)
  An adder (D:3)
  2 worms (D:2)
  3 dart slugs (D:2)
  6 leopard geckos
  7 orcs
  2 giant cockroaches
  5 goblins
  7 hobgoblins
  2 jackals (D:2)
  A ball python (D:3)
  10 bats
  4 frilled lizards
  12 kobolds
  6 rats
72 creatures vanquished.

Notes
Turn   | Place    | Note
-------+----------+-------------------------------------------
     0 | D:1      | vatarom the Demonspawn Gladiator began the quest for the Orb.
     0 | D:1      | Reached XP level 1. HP: 16/16 MP: 1/1
   110 | D:1      | Reached skill level 1 in Armour
   361 | D:1      | Gained mutation: You are surrounded by a mild repulsion field. (EV +2) [demonic ancestry]
   361 | D:1      | Reached XP level 2. HP: 18/22 MP: 2/2
  1116 | D:2      | Reached XP level 3. HP: 25/27 MP: 3/3
  1798 | D:3      | Reached XP level 4. HP: 18/33 MP: 4/4
  2425 | D:3      | Reached XP level 5. HP: 33/38 MP: 5/5
  2436 | D:3      | Noticed an ogre
  2437 | D:3      | Found a sacrificial altar of Ru.
  2464 | D:3      | Killed an ogre
  2926 | D:4      | Noticed smedtjen's ghost (amateur DsAK)
  2945 | D:4      | Found a hazy altar of Hepliaklqana.
  3147 | D:3      | Killed from afar by an orc priest

Skill      XL: |  1  2  3  4  5 |
---------------+----------------+-----
Armour         | 1 2 3 4 |  4.1
Long Blades    | 3 4 |  4.1
Fighting       | |  2.0
Throwing       | |  1.7
Dodging        | |  2.6

Action                   |  1- 3 |  4- 6 || total
-------------------------+-------+-------++-------
Melee: Long sword        |   139 |    75 ||   214
Throw: Throwing net      |       |     4 ||     4
  Use: Scroll            |     3 |       ||     3
       Potion            |     5 |     2 ||     7
 Stab: Held in net/web   |       |     1 ||     1
  Eat: Chunk             |     3 |     1 ||     4
       Bread ration      |       |     1 ||     1
Armor: Leather armour    |    46 |     7 ||    53
       Scale mail        |       |     2 ||     2
Dodge: Dodged            |   118 |    51 ||   169
       Rpst.: Long sword |    39 |    13 ||    52
